 Dungeon Crawl Stone Soup version 0.31-a0-574-g69dc8cc98e (webtiles) character file.

Game seed: 7548531071753128624

72 greasedhog the Shooter (level 4, -1/35 HPs)
             Began as a Formicid Hunter on Aug 19, 2023.
             Slain by an orc priest
             ... wielding a +0 club
              (3 damage)
             ... on level 3 of the Dungeon.
             The game lasted 00:02:22 (1535 turns).

greasedhog the Shooter (Formicid Hunter)            Turns: 1535, Time: 00:02:23

Health: -1/35      AC:  5    Str: 15    XL:     4   Next: 50%
Magic:  4/4        EV: 11    Int:  9    God:
Gold:   116        SH:  0    Dex: 19    Spells: 3/3 levels left

rFire   . . .        a - +0 shortbow
rCold   . . .        (no shield)
rNeg    . . .        k - +0 ring mail
rPois   .            (helmet unavailable)
rElec   .            (no cloak)
rCorr   .            (no gloves)
SInv    +            (no boots)
Will    .....        (no amulet)
Stlth   +            (no ring)
HPRegen 0.25/turn    (no ring)
MPRegen 0.09/turn

%: no passive effects
@: no status effects
A: permanent stasis, dig shafts and tunnels, antennae 3, four strong arms
a: Dig, Shaft Self


You were on level 3 of the Dungeon.
You visited 1 branch of the dungeon, and saw 3 of its levels.

You collected 116 gold pieces.

Inventory:

Hand Weapons
 a - a +0 shortbow (weapon)
Armour
 k - a +0 ring mail (worn)
Wands
 c - a wand of flame (9)
Scrolls
 b - a scroll of butterflies
 e - a scroll of torment {unknown}
 f - a scroll of noise
Potions
 d - 3 potions of enlightenment {unknown}
 g - a potion of might {unknown}
 i - a potion of curing {unknown}
 j - a potion of heal wounds {unknown}


   Skills:
 + Level 3.2 Fighting
 * Level 5.1 Ranged Weapons
 - Level 1.7 Dodging
 - Level 1.2 Stealth


You had 3 spell levels left.
You didn't know any spells.
Your spell library contained the following spells:

 Spells                   Type           Power      Damage    Failure   Level
 Sandblast                Erth           0%         2d4       63%         1
 Passwall                 Tmut/Erth      0%         N/A       77%         2
 Frozen Ramparts          Ice            0%         1d1       94%         3
 Stone Arrow              Conj/Erth      0%         3d7       94%         3
 Petrify                  Tmut/Erth      0%         N/A       100%        4
 Metabolic Englaciation   Hex/Ice        0%         N/A       100%        5


Dungeon Overview and Level Annotations

Branches:
Dungeon (3/15)

Altars:

Shops:
D:1 :


Innate Abilities, Weirdness & Mutations

You cannot be hasted, slowed, berserked, paralysed or teleported.
You can dig through walls and to a lower floor.
You have a pair of large antennae on your head. (SInv)
Your four strong arms can wield two-handed weapons with a shield.


Message History

Unknown command.
Fire: a) +0 shortbow
Press: ? - help, Shift-Dir - straight line, f/p - orc priest
Aim: an orc priest, wielding a +0 club (heavily wounded, 64% to hit)
You shoot an arrow. The arrow barely misses the orc priest.
Unknown command.
Fire: a) +0 shortbow
Press: ? - help, Shift-Dir - straight line, f/p - orc priest
Aim: an orc priest, wielding a +0 club (heavily wounded, 64% to hit)
You shoot an arrow.
The arrow hits the orc priest but does no damage.
The orc priest is heavily wounded.
The orc priest barely misses you.
Fire: a) +0 shortbow
Press: ? - help, Shift-Dir - straight line, f/p - orc priest
Aim: an orc priest, wielding a +0 club (heavily wounded, 64% to hit)
You shoot an arrow.
The arrow closely misses the orc priest.
The orc priest calls down the wrath of Beogh upon you.
Pain shoots through your body!
* * * LOW HITPOINT WARNING * * *
The orc priest hits you but does no damage.
Aiming: Throw Flame
Press: ? - help, Shift-Dir - straight line, f/p - orc priest
Aim: an orc priest, wielding a +0 club (heavily wounded, 68% to hit)
The puff of flame hits the orc priest.
The orc priest is almost dead.
The orc priest closely misses you.
Unknown command.
Aiming: Throw Flame
Press: ? - help, Shift-Dir - straight line, f/p - orc priest
Aim: an orc priest, wielding a +0 club (almost dead, 68% to hit)
The puff of flame misses the orc priest.
The orc priest barely misses you.
Aiming: Throw Flame
Press: ? - help, Shift-Dir - straight line, f/p - orc priest
Aim: an orc priest, wielding a +0 club (almost dead, 68% to hit)
The puff of flame misses the orc priest.
The orc priest hits you with a +0 club.
You die...

#..).. #. +.....
#. #....., ##
#....., #..)†
(!)## #.)# #o#
#@# ## #.## #.
#..## #. ##..###
#.
##...###########.
###...........#.
######......#.
#......##
#..)...#


You could see an orc priest.

Vanquished Creatures
  Ijyb (D:3)
  2 dart slugs (D:2)
  3 orcs (D:3)
  2 bats
  An endoplasm (D:3)
  A giant cockroach (D:1)
  2 goblins
  6 hobgoblins
  3 jackals (D:3)
  5 kobolds
  A quokka (D:1)
  3 ball pythons
  2 frilled lizards (D:1)
  5 rats
37 creatures vanquished.

Notes
Turn   | Place    | Note
-------+----------+-------------------------------------------
     0 | D:1      | greasedhog the Formicid Hunter began the quest for the Orb.
     0 | D:1      | Reached XP level 1. HP: 16/16 MP: 1/1
   109 | D:1      | Reached XP level 2. HP: 23/23 MP: 2/2
   192 | D:1      | Found Taziwoen's Book Emporium.
   408 | D:1      | Found a faded altar of an unknown god.
   744 | D:2      | Reached XP level 3. HP: 28/28 MP: 3/3
  1259 | D:3      | Noticed Ijyb
  1275 | D:3      | Killed Ijyb
  1276 | D:3      | Reached skill level 5 in Ranged Weapons
  1276 | D:3      | Reached XP level 4. HP: 18/35 MP: 4/4
  1535 | D:3      | Slain by an orc priest

Illustrated notes

Levels and vault maps discovered:
D:1:      denvon_arrival_waterhouse, layout_basic,
          hellmonk_ecumenical_altar_heavens_door, serial_shops,
          nicolae_shop_tiny_waterfront
D:2:      layout_basic
D:3:      layout_basic, minmay_misc_feat_hallway, uniq_ijyb

Skill      XL: |  1  2  3 |
---------------+----------+-----
Fighting       | 3 |  3.2
Ranged Weapons | 5 |  5.1
Dodging        | |  1.7
Stealth        | |  1.2

Action                     |  1- 3 |  4- 6 || total
---------------------------+-------+-------++-------
   Fire: Shortbow          |    81 |    27 ||   108
Ability: Dig               |     2 |     1 ||     3
  Evoke: Wand              |       |     3 ||     3
    Use: Scroll            |     2 |       ||     2
 Armour: Leather armour    |     2 |       ||     2
         Ring mail         |     2 |     3 ||     5
  Dodge: Dodged            |    18 |     6 ||    24

Table legend: (Time is in decaauts)
 A = Elapsed time spent in this place.
 B = Non-inter-level travel time spent in this place.
 C = Inter-level travel time spent in this place.
 D = Time resting spent in this place.
 E = Time spent auto-exploring this place.
 F = Levels seen in this place.
 G = Mean time per level.
                   A        B        C        D        E       F      G
               +--------+--------+--------+--------+--------+-----+--------+
         Total |   1560 |   1474 |     86 |      0 |   1245 |   3 |  520.0 |
       Dungeon |   1560 |   1474 |     86 |      0 |   1245 |   3 |  520.0 |
               +--------+--------+--------+--------+--------+-----+--------+

Top non-repeatable levels by time:
     D:1: 723 daAuts
     D:2: 545 daAuts
     D:3: 291 daAuts
